Map: Neon Violet Square LE

Players

SpeCial

  • Race: Terran Terran
  • League: Master
  • Spawn Location: 11:00

llllllllllll (Oliveira) - Winner!

  • Race: Terran Terran
  • League: Grandmaster
  • Spawn Location: 5:00

VOD

Have the link to the VOD?

Description

Time

  • Played on: Feb. 13, 2018, 9:51 a.m.
  • Length: 6:19
Show
View Real Time Build Order
Export as new Build Order

SpeCial Terran 

Build Orders:  

Get SALT Encoding   

  12  0:00  SCV  
  13  0:13  SCV  
  14  0:19  Supply Depot  
  14  0:25  SCV  
  15  0:41  Barracks  
  15  0:44  Refinery  
  15  0:58  Barracks  
  15  1:01  SCV  
  16  1:13  SCV  
  17  1:28  Reaper  
  17  1:29  Orbital Command  
  18  1:33  Refinery  
  18  1:46  Reaper  
  19  1:48  Supply Depot  
  19  1:54  SCV  
  20  2:01  Reaper  
  20  2:06  SCV  
  21  2:18  SCV  
  21  2:19  Reaper  
  23  2:31  SCV, Factory  
  24  2:38  Reaper  
  24  2:43  SCV  
  24  2:51  Reaper  
  24  2:55  SCV  
  24  2:56  Supply Depot  
  26  3:07  SCV  
  26  3:11  Reaper  
  28  3:17  Starport  
  28  3:18  Factory Tech Lab  
  28  3:19  SCV  
  29  3:27  Supply Depot  
  28  3:35  Marine  
  28  3:41  Siege Tank  
  31  3:43  Marine  
  33  3:55  Marine  
  32  4:00  Marine  
  34  4:03  Command Center  
  34  4:08  Viking  
  36  4:18  Siege Tank  
  36  4:22  Marine, Supply Depot  
  40  4:25  Marine  
  41  4:38  Medivac  
  43  4:40  Marine  
  43  4:43  Marine  
  43  4:44  Supply Depot  
  45  4:57  SCV  
  46  5:00  Siege Tank  
  46  5:05  Marine x2  
  51  5:09  SCV  
  51  5:10  Liberator  
  52  5:16  Orbital Command  
  52  5:29  SCV  
  53  5:39  Marine x2  
  55  5:44  SCV  
  55  5:45  SCV  
  57  5:56  SCV  
  57  5:57  Marine x2, SCV  
Show
View Real Time Build Order
Export as new Build Order

llllllllllll Terran - Winner!

Build Orders:  

Get SALT Encoding   

  12  0:01  SCV  
  13  0:13  SCV  
  14  0:18  Supply Depot  
  14  0:25  SCV  
  15  0:40  SCV, Barracks  
  16  0:45  Refinery  
  16  0:52  SCV  
  17  1:01  Barracks  
  17  1:05  SCV  
  18  1:17  SCV  
  19  1:28  Reaper  
  19  1:29  Orbital Command  
  20  1:34  Supply Depot  
  20  1:48  Reaper  
  21  1:55  SCV  
  22  2:05  Reaper  
  23  2:12  Command Center  
  23  2:13  SCV  
  24  2:21  Refinery  
  24  2:22  Reaper  
  24  2:32  SCV  
  24  2:44  SCV  
  24  2:47  Reaper  
  26  2:55  Reaper  
  26  2:57  SCV  
  28  2:58  Supply Depot  
  28  3:03  Bunker  
  28  3:09  SCV  
  29  3:21  Marine, SCV  
  31  3:27  Factory  
  31  3:28  Barracks Tech Lab  
  31  3:33  SCV  
  30  3:39  Barracks Reactor  
  30  3:45  SCV  
  30  3:47  Orbital Command  
  30  3:48  Marine  
  32  3:49  Stimpack  
  32  3:51  Engineering Bay  
  32  3:57  SCV  
  33  4:06  Marine  
  33  4:09  SCV  
  35  4:11  Cyclone  
  35  4:13  SCV  
  35  4:16  Marine x2  
  41  4:21  SCV  
  41  4:22  Missile Turret  
  41  4:23  Marine  
  43  4:25  SCV  
  43  4:29  Starport  
  44  4:33  SCV  
  44  4:34  Marine x2  
  44  4:36  Supply Depot  
  44  4:37  SCV  
  48  4:41  Marine  
  48  4:43  Factory Reactor  
  49  4:45  SCV  
  49  4:50  SCV  
  49  4:52  Marine x2  
  53  4:58  SCV  
  53  4:59  Marine  
  55  5:00  Supply Depot  
  55  5:01  Refinery  
  55  5:04  SCV  
  56  5:09  Marine x2  
  56  5:11  SCV  
  59  5:17  SCV  
  60  5:21  Marine  
  60  5:23  SCV  
  60  5:27  Marine  
  60  5:28  Medivac x2  
  65  5:30  Marine  
  65  5:34  SCV, Supply Depot  
  65  5:35  SCV  
  70  5:39  Marine  
  71  5:45  Marine  
  71  5:46  SCV  
  71  5:47  SCV, Marine  
  74  5:57  Marine  
  74  5:58  SCV  
  74  5:59  SCV  
  69  6:14  Factory Tech Lab  
Tags
 
Add a new tag
Caveats
  • Supply blocks, unpowered buildings, or Contaminate may cause inaccurate times.
  • Supply counts are checked every 10 seconds.